[Event "*** Titled Tuesday Blitz"]
[Site "Chess.com"]
[Date "2018.05.01"]
[Round "3"]
[White "ruvat"]
[Black "Eliwood44"]
[Result "0-1"]
[WhiteElo "2242"]
[BlackElo "2162"]
[TimeControl "180+2"]
[EndTime "13:39:24 PDT"]
[Termination "Eliwood44 won by resignation"]

1. d4 Nf6 2. c4 e6 3. g3 d5 4.
Nf3 Be7 5. Bg2 O-O 6. O-O dxc4 7. Ne5 c5 8. dxc5 Qc7 9. Nxc4 Qxc5 10. b3 Nc6 11. Bb2 Qh5 12. e3 Qxd1 13. Rxd1 Rd8 14. Nbd2 Bd7 15. Nf3 Be8 16. Nfe5 Nxe5 17. Bxe5 Nd5 18.
e4 Nb6 19. Na5 Bc6 20. Nxc6 bxc6 21. Bf1 Bf6 22. Bxf6 gxf6 23. Ba6 Rab8 24. f4 e5 25. Kf2 Kf8 26. Ke3 Ke7 27. Rac1 Rxd1 28. Rxd1 Rd8 29. Rc1 Kd6 30. a4 Kc7 31. a5 Nd7 32. Bc4 Rf8 33.
Bd5 Nb8 34. b4 Kd6 35. Bb3 Na6 36. b5 cxb5 37. Bd5 Nc5 38. a6 b4 39. Rc4 Rb8 40. Bxf7 b3 41. Rc1 b2 42. Rd1+ Ke7 43. Ba2 Nxa6 44.
fxe5 fxe5 45. Rf1 Nb4 46. Bb1 Nc6 47. Rf7+ Kxf7 0-1

[Event "*** Titled Tuesday Blitz"]
[Site "Chess.com"]
[Date "2018.05.01"]
[Round "3"]
[White "LADIESGET2KNOWME"]
[Black "GMSrinath"]
[Result "0-1"]
[WhiteElo "2534"]
[BlackElo "2758"]
[TimeControl "180+2"]
[EndTime "13:39:25 PDT"]
[Termination "GMSrinath won by resignation"]

1. e4 c5 2. c3 Nf6 3. e5 Nd5 4. d4 cxd4 5. Nf3 g6 6. Bc4 Nb6 7. Bb3 Bg7 8. Ng5 d5 9. exd6 O-O 10. Qf3 e6 11. Ne4 f5 12. Ng5 Qxd6 13. O-O h6 14.
Nh3 Kh7 15. cxd4 Nc6 16. Rd1 Nxd4 17. Qe3 a5 18. Nc3 Qc5 19. Ne2 Nxb3 20. axb3 Qc7 21. Nhf4 e5 22. Nd5 Nxd5 23. Rxd5 Be6 24. Rc5 Qd6 25. Nc3 f4 26. Qf3 Qxc5 27. Qxb7 Rad8 28. h3 Bd5 29. Qa6 Bxb3 30. Rxa5 Qc4 31. Qb7 Rd1+ 32. Nxd1 Qxc1 33. Ra7 Rf7 34. Kh2 Rxb7 35. Rxb7 Qxd1 0-1

[Event "*** Titled Tuesday Blitz"]
[Site "Chess.com"]
[Date "2018.05.01"]
[Round "3"]
[White "cukus"]
[Black "FabianoCaruana"]
[Result "0-1"]
[WhiteElo "2404"]
[BlackElo "2798"]
[TimeControl "180+2"]
[EndTime "13:39:26 PDT"]
[Termination "FabianoCaruana won on time"]

1. e4 c5 2. Nf3 e6 3. d4 cxd4 4. Nxd4 a6 5. c4 Nf6 6. Nc3 Bb4 7. Qd3 d6 8. Nc2 Bxc3+ 9. Qxc3 O-O 10. f3 e5 11. Bg5 h6 12. Bh4 Be6 13. Qd2 Qe7 14.
Bf2 Nc6 15. Be2 Nh5 16. O-O Nf4 17. Be3 Nxe2+ 18. Qxe2 b5 19. Na3 b4 20. Nc2 a5 21.
Rfd1 a4 22. b3 f5 23. exf5 Bxf5 24. Qd2 axb3 25. axb3 Rxa1 26. Rxa1 Qf6 27. Rd1 Qg6 28. Qd5+ Kh7 29. Qxc6 Bxc2 30. Rxd6 Qh5 31. Qb6 Ra8 32.
Bc1 Ra1 33. Qe3 Qg5 0-1

[Event "*** Titled Tuesday Blitz"]
[Site "Chess.com"]
[Date "2018.05.01"]
[Round "3"]
[White "Caterpiller35"]
[Black "chessking2151"]
[Result "1/2-1/2"]
[WhiteElo "2227"]
[BlackElo "2424"]
[TimeControl "180+2"]
[EndTime "13:39:27 PDT"]
[Termination "Game drawn by agreement"]

1. d4 Nf6 2. Bg5 d5 3. e3 e6 4.
Nd2 Be7 5. f4 h6 6. Bxf6 gxf6 7.
Ngf3 c5 8. c3 Nc6 9. g3 Qb6 10.
Qb3 Bd7 11. Qxb6 axb6 12. a3 c4 13. e4 b5 14. Rd1 dxe4 15. Nxe4 f5 16. Nc5 Bxc5 17.
dxc5 Ke7 18. Bg2 Rhd8 19. Kf2 f6 20. Rd6 Na5 21. Nd4 Ra6 22. Bxb7 Rxd6 23. cxd6+ Kxd6 24. Bf3 e5 25. fxe5+ fxe5 26. Nc2 Ke7 27. Rd1 Rc8 28. Nb4 Be6 29. Bd5 Rd8 30. Bf3 Rc8 31. Bd5 Nb3 32. Bxe6 Kxe6 33. Ke3 Nc5 34. Rd5 Rc7 35. Rd8 Na4 36.
Re8+ Re7 37. Rh8 Nxb2 38. Rxh6+ Kd7 39. Rb6 1/2-1/2

[Event "*** Titled Tuesday Blitz"]
[Site "Chess.com"]
[Date "2018.05.01"]
[Round "3"]
[White "TheLancer"]
[Black "SipkeErnst"]
[Result "0-1"]
[WhiteElo "2490"]
[BlackElo "2520"]
[TimeControl "180+2"]
[EndTime "13:39:38 PDT"]
[Termination "SipkeErnst won by resignation"]

1. e4 e5 2. Nf3 Nc6 3. Bb5 a6 4. Ba4 b5 5. Bb3 g6 6. O-O Bg7 7. c3 d6 8. a4 b4 9. a5 Nge7 10. d4 bxc3 11. bxc3 exd4 12. cxd4 O-O 13. h3 Rb8 14. Be3 d5 15. Nc3 dxe4 16. Nxe4 Nf5 17. Bg5 Nce7 18. Nf6+ Kh8 19. Ne5 h6 20. Nxf7+ Rxf7 21. Bxf7 hxg5 22. Bxg6 Nxg6 23. Qh5+ Nh6 24. Ng4 Bxg4 25.
hxg4 Nf4 26. Qh2 Qd7 27. Rae1 Re8 28. Re3 Kh7 29. Rfe1 Rxe3 30. fxe3 Nd3 31. Rf1 Qxg4 32. Qxc7 Qe4 33. Qg3 Nf5 34. Qh3+ Kg6 35. Rf3 g4 36.
Rg3 Nxg3 37. Qxg3 Bf6 38. d5 Be5 39. Qh4 Qxe3+ 0-1

[Event "*** Titled Tuesday Blitz"]
[Site "Chess.com"]
[Date "2018.05.01"]
[Round "3"]
[White "Flawless2018"]
[Black "SmoothAsAHedgehog"]
[Result "1-0"]
[WhiteElo "2473"]
[BlackElo "2529"]
[TimeControl "180+2"]
[EndTime "13:39:43 PDT"]
[Termination "Flawless2018 won by checkmate"]

1. d4 Nf6 2. c4 e6 3. Nf3 d5 4.
Nc3 Be7 5. Bf4 O-O 6. e3 Nbd7 7. c5 c6 8. h3 b6 9. b4 a5 10. a3 Ba6 11. Bxa6 Rxa6 12. b5 cxb5 13. c6 Qc8 14. c7 b4 15. Nb5 Ne4 16. a4 Nc3 17. Qd3 Ra8 18. O-O Nxb5 19. Qxb5 Nf6 20. Rfc1 Ne4 21.
Rc6 Nc3 22. Qxb6 Re8 23. Ne5 f6 24. Nd3 Kf7 25. Nc5 Bxc5 26. Qxc5 Qd7 27. Rd6 Qe7 28. Qc6 Kg6 29. Rd7 Qf8 30. g4 Rac8 31. h4 h5 32. gxh5+ Kxh5 33. Kg2 Kg6 34. Rg1 Kh7 35. Kf1 Kh8 36.
Rgxg7 Qxg7 37. Rxg7 Kxg7 38. Qd7+ Kg6 39. h5+ Kxh5 40.
Qh7+ Kg4 41. Qg6+ Kh3 42. Qg3# 1-0

[Event "*** Titled Tuesday Blitz"]
[Site "Chess.com"]
[Date "2018.05.01"]
[Round "3"]
[White "2Tilted"]
[Black "AndrewDGreen"]
[Result "1-0"]
[WhiteElo "2278"]
[BlackElo "2151"]
[TimeControl "180+2"]
[EndTime "13:39:44 PDT"]
[Termination "2Tilted won by checkmate"]

1. d4 Nf6 2. Nf3 c5 3. d5 b5 4. Bg5 Qb6 5. a4 b4 6. g3 Bb7 7. Bxf6 Qxf6 8. c3 e6 9. dxe6 fxe6 10. Bg2 Be7 11. O-O O-O 12. Qd3 d5 13. Nbd2 Nc6 14. e4 Rad8 15. Qb5 Ba8 16. e5 Nxe5 17. Nxe5 Qxe5 18. Rae1 Qd6 19. Qe2 bxc3 20. bxc3 e5 21.
Qxe5 Qxe5 22. Rxe5 Bf6 23. Re3 Bc6 24. c4 d4 25. Rd3 Bxa4 26. Ra3 Bc2 27. Bd5+ Kh8 28.
Rxa7 d3 29. Ra3 Bb2 30. Ra2 Bd4 31. Ne4 Rb8 32. Kg2 h6 33. Nd6 Rb4 34. Nf7+ Kh7 35. Be4+ g6 36. Nd6 Rfb8 37. h4 Kg7 38. h5 gxh5 39. Nf5+ Kf6 40. Ra6+ Ke5 41. Re1 d2 42. f4# 1-0

[Event "*** Titled Tuesday Blitz"]
[Site "Chess.com"]
[Date "2018.05.01"]
[Round "3"]
[White "PowerThinking2650"]
[Black "GoingKronos"]
[Result "0-1"]
[WhiteElo "2288"]
[BlackElo "2377"]
[TimeControl "180+2"]
[EndTime "13:39:46 PDT"]
[Termination "GoingKronos won by resignation"]

1. e4 e6 2. d3 d5 3. Nd2 Nf6 4. Ngf3 c5 5. g3 g6 6. Bg2 Bg7 7. O-O O-O 8. Re1 Nc6 9. c3 a5 10. e5 Ng4 11. d4 cxd4 12. cxd4 f6 13. h3 Nxf2 14. Kxf2 fxe5 15. Kg1 exd4 16. Nb3 e5 17. a4 Qd6 18. Kh2 Bf5 19. Nh4 Be6 20. Bg5 e4 21. Rf1 Be5 22. Qe1 Rxf1 23. Bxf1 Rf8 24. Bh6 Rxf1 25.
Qxf1 Bxg3+ 26. Kg2 Bxh4 27. Kh1 Be7 28. Qg2 d3 29. Rf1 Ne5 30. Nd4 Bf7 31. Bf4 Bf6 32.
Qg3 Kg7 33. Nb5 Qe7 34. Be3 Nf3 35. Rxf3 exf3 36. Qxf3 Qe4 37. Nd4 Qxf3+ 38. Nxf3 Bxb2 39. Kg2 Be6 40. Bd4+ Bxd4 41. Nxd4 d2 0-1

[Event "*** Titled Tuesday Blitz"]
[Site "Chess.com"]
[Date "2018.05.01"]
[Round "3"]
[White "DanielNaroditsky"]
[Black "Khamrakulov_Djurabek"]
[Result "1/2-1/2"]
[WhiteElo "2810"]
[BlackElo "2646"]
[TimeControl "180+2"]
[EndTime "13:39:47 PDT"]
[Termination "Game drawn by agreement"]

1. Nf3 Nf6 2. c4 e6 3. g3 d5 4. Bg2 Be7 5. O-O O-O 6. b3 b6 7.
Bb2 Bb7 8. d4 c5 9. cxd5 Bxd5 10.
Nc3 Bb7 11. dxc5 Bxc5 12. Qc2 Nc6 13. Rad1 Qe7 14. a3 Rad8 15. b4 Nd4 16. Nxd4 Bxd4 17. Bxb7 Qxb7 18. Nb5 Bxb2 19. Qxb2 Rd7 20. Rxd7 Qxd7 21.
Nc3 Rd8 22. Rd1 Qc8 23. Qc1 h6 24. Nb5 Qxc1 25. Rxc1 a6 26. Nc3 Rc8 27. Na2 Rxc1+ 28. Nxc1 Kf8 29. f3 Nd5 30. Kf2 Ke7 31. e4 Nc3 32.
Ke3 Kd6 33. Kd3 Nb5 34. a4 Nc7 35. Nb3 e5 36. Nd2 b5 37. a5 Ne6 38. Nb3 h5 39. Ke3 g5 40. Kd3 f6 41. Ke3 Kc6 42.
Kd3 Kd6 43. Ke3 Kc6 44. Nc1 Nd4 45. Nd3 Kd6 46. f4 Ne6 47. fxe5+ fxe5 48. h4 g4 49. Kd2 Nc7 50. Nc5 Ke7 51. Ke3 Kd6 52. Nb7+ Kd7 53.
Nc5+ Kd6 54. Kd3 Kc6 55. Kc3 Kd6 56. Kd2 Kc6 57. Ke2 Kd6 58. Ke3 Kc6 59. Kd3 1/2-1/2

[Event "*** Titled Tuesday Blitz"]
[Site "Chess.com"]
[Date "2018.05.01"]
[Round "3"]
[White "r31415"]
[Black "FLchessplayer"]
[Result "1-0"]
[WhiteElo "2202"]
[BlackElo "2032"]
[TimeControl "180+2"]
[EndTime "13:39:50 PDT"]
[Termination "r31415 won by checkmate"]

1. e4 c5 2. Nf3 d6 3. d4 cxd4 4. Nxd4 Nf6 5. Nc3 a6 6. h3 e6 7.
g4 Qc7 8. Be3 b5 9. Bg2 Bb7 10.
a3 Nfd7 11. O-O Nb6 12. Nde2 N8d7 13. b3 Rc8 14. Qd2 Be7 15. Rac1 O-O 16. f4 Rfd8 17. f5 Ne5 18. Bd4 Bf6 19. g5 Be7 20. f6 Bf8 21.
Qe3 Nbd7 22. Qf2 g6 23. Nd1 Nc6 24. Be3 Nce5 25. Nf4 Nc5 26. Nc3 Ncd7 27. Nd1 Qb8 28. Qe2 Qa8 29. Nf2 Nc5 30. Bd2 Nc6 31. h4 Ne5 32. h5 Rd7 33. Rfe1 Rcd8 34. Bh3 Nc6 35. b4 Na4 36. hxg6 hxg6 37. Nxe6 Nd4 38. Nxd4 d5 39. Bxd7 Rxd7 40. e5 Rd8 41. e6 Bd6 42.
exf7+ Kxf7 43. Qe6+ Kf8 44. Nf5 gxf5 45. g6 f4 46. g7# 1-0

[Event "*** Titled Tuesday Blitz"]
[Site "Chess.com"]
[Date "2018.05.01"]
[Round "3"]
[White "BergenChessAcademy"]
[Black "DrZeiss"]
[Result "0-1"]
[WhiteElo "2216"]
[BlackElo "2213"]
[TimeControl "180+2"]
[EndTime "13:39:50 PDT"]
[Termination "DrZeiss won by checkmate"]

1. d3 d5 2. g3 g6 3. Bg2 Bg7 4. Nf3 c5 5. O-O Nc6 6. c3 Nf6 7.
Nbd2 O-O 8. Re1 e5 9. a4 e4 10. Ng5 Ng4 11. Nh3 e3 12. fxe3 Nxe3 13. Qb3 Nxg2 14.
Kxg2 Qd7 15. Nf4 Rd8 16. Nf3 h6 17. Be3 g5 18. Kf2 d4 19. Bd2 gxf4 20. gxf4 Kh8 21. Rg1 b6 22. Rg3 Qe6 23. Qc2 Re8 24. Re1 Bb7 25.
e4 dxe3+ 26. Bxe3 Qf5 27. Nh4 Qf6 28. Reg1 Rg8 29. Qd2 Rae8 30. Nf3 Ne7 31. Ne5 Nf5 32.
Rh3 Qe6 33. Ng4 Qc6 34. d4 Qe4 35. Ne5 Bxe5 36. fxe5 Rxg1 37. Bxh6 Qg2# 0-1

[Event "*** Titled Tuesday Blitz"]
[Site "Chess.com"]
[Date "2018.05.01"]
[Round "3"]
[White "silverback96"]
[Black "plumalka"]
[Result "0-1"]
[WhiteElo "2031"]
[BlackElo "2045"]
[TimeControl "180+2"]
[EndTime "13:39:52 PDT"]
[Termination "plumalka won by checkmate"]

1. e4 c5 2. Nf3 d6 3. d4 cxd4 4. Nxd4 Nf6 5. Nc3 Bd7 6. Bg5 e6 7. Qd2 a6 8. f4 h6 9. Bh4 Nxe4 10. Bxd8 Nxd2 11. Bb6 Nxf1 12. Rxf1 Be7 13. f5 exf5 14. Nxf5 Bxf5 15. Rxf5 Nc6 16. Nd5 O-O 17. c3 Bg5 18.
Kf2 Ne5 19. g3 g6 20. Rxg5 hxg5 21. Kg2 Kg7 22. Rf1 f5 23. Nc7 Rae8 24. Nxe8+ Rxe8 25. Rd1 Nc4 26. Bd4+ Kf7 27. b3 Ne5 28. c4 Ke6 29.
Bb2 f4 30. Ba3 Rd8 31. h3 f3+ 32. Kf2 d5 33. Bb2 g4 34. cxd5+ Rxd5 35. Rxd5 Kxd5 36. Bxe5 Kxe5 37. hxg4 Ke4 38. g5 a5 39. a4 b6 40.
Ke1 Ke3 41. Kf1 f2 42. g4 Kf3 43. b4 axb4 44. a5 b3 45. a6 b2 46. a7 b1=Q# 0-1

[Event "*** Titled Tuesday Blitz"]
[Site "Chess.com"]
[Date "2018.05.01"]
[Round "3"]
[White "Zenzo"]
[Black "Last7Samurai"]
[Result "1-0"]
[WhiteElo "2393"]
[BlackElo "2640"]
[TimeControl "180+2"]
[EndTime "13:39:53 PDT"]
[Termination "Zenzo won by resignation"]

1. e4 e6 2. d4 d5 3. exd5 exd5 4. Bd3 Nc6 5. c3 Bd6 6. Qf3 Nf6 7. h3 Be6 8. Ne2 Qd7 9. Bf4 O-O-O 10. Nd2 Rhe8 11. O-O h5 12. Rfe1 Kb8 13. b4 Ne7 14. Nb3 Bf5 15. Nc5 Bxc5 16. bxc5 Bxd3 17. Qxd3 Ng6 18. Bh2 Re6 19. Nf4 Nxf4 20. Bxf4 Rde8 21. Rxe6 Qxe6 22. Rb1 Qc6 23. f3 Nd7 24. Rb2 g6 25. Kf2 Nf8 26.
c4 Ne6 27. Be3 f5 28. f4 Ka8 29.
cxd5 Qxd5 30. Qb5 Rd8 31. c6 Qxb5 32. Rxb5 bxc6 33. Re5 Nxd4 34. Re7 Kb7 35. Rg7 Rd6 36. a4 Nc2 37. Bc5 Rd5 38. Bf8 Rd2+ 39. Kf3 Ne1+ 40. Ke3 Rxg2 41. Bd6 Ra2 42. Bxc7 Ng2+ 43. Kd4 Rxa4+ 44.
Kc5 Ka6 45. Bb8 Ra5+ 46. Kxc6 1-0

[Event "*** Titled Tuesday Blitz"]
[Site "Chess.com"]
[Date "2018.05.01"]
[Round "3"]
[White "windking123"]
[Black "Kimster98"]
[Result "0-1"]
[WhiteElo "2297"]
[BlackElo "2517"]
[TimeControl "180+2"]
[EndTime "13:39:55 PDT"]
[Termination "Kimster98 won by resignation"]

1. d4 Nf6 2. c4 Nc6 3. d5 Ne5 4. Qd4 Ng6 5. e4 d6 6. f4 e5 7.
dxe6 fxe6 8. Nc3 e5 9. fxe5 dxe5 10.
Qxd8+ Kxd8 11. Bg5 c6 12. Bd3 Be7 13. Nf3 Kc7 14.
O-O Bc5+ 15. Kh1 Ng4 16. Nd1 h6 17. Bh4 Nf4 18. Bc2 g5 19. Be1 Re8 20. h3 Nf6 21. Bc3 Nd7 22. b4 Bf8 23. Ne3 a5 24. a3 b6 25. Ng4 Bg7 26. Rfd1 axb4 27. axb4 Bb7 28. Ne3 Ng6 29. Nf5 Bf8 30. Kg1 Rxa1 31. Rxa1 Ra8 32. Rxa8 Bxa8 33. Kf2 Bb7 34. Nh2 h5 35. Nf3 g4 36.
hxg4 hxg4 37. Nh2 Nf6 38. Kg3 c5 39. b5 Bxe4 40. Nxg4 Bxc2 41. Nxf6 Bxf5 42. Nd5+ Kb7 43. Kf3 e4+ 44. Ke3 Bh6+ 45. Ke2 Bg4+ 46. Kf2 Nf4 47. Bd2 Nd3+ 48. Kg3 Bxd2 49. Kxg4 Ne5+ 50. Kf5 Nxc4 51.
Kxe4 Nd6+ 52. Ke5 Nxb5 53. g4 Nc7 54. Ne7 c4 55. Kd4 b5 56. Nf5 Kb6 57. Nd6 Kc6 58.
Ne4 Bf4 59. g5 Ne6+ 60. Kc3 Nxg5 0-1

[Event "*** Titled Tuesday Blitz"]
[Site "Chess.com"]
[Date "2018.05.01"]
[Round "3"]
[White "Rock700chess"]
[Black "Manukyan_Artak"]
[Result "0-1"]
[WhiteElo "2351"]
[BlackElo "2368"]
[TimeControl "180+2"]
[EndTime "13:39:58 PDT"]
[Termination "Manukyan_Artak won by resignation"]

1. d4 e6 2. c4 Nf6 3. Nc3 Bb4 4. f3 d5 5. a3 Bxc3+ 6. bxc3 c5 7. cxd5 exd5 8. e3 Nc6 9. Bd3 O-O 10. Ne2 Re8 11. O-O b6 12. Ng3 a5 13. Ra2 Ba6 14. Re2 Bxd3 15. Qxd3 c4 16. Qc2 b5 17. e4 Qb6 18.
Kh1 b4 19. e5 Nd7 20. Nf5 Nf8 21. Nd6 Re7 22. Bg5 Rea7 23. Rb1 Qa6 24. Qc1 Ne6 25.
Be3 bxc3 26. Qxc3 Rb8 27. Reb2 Rxb2 28. Rxb2 Ra8 29. Rb7 Ned8 30. Rd7 Rb8 31. h3 Rb3 32. Qc1 c3 33. Bg5 Ne6 34. Rxf7 c2 35. Bd2 Rb1 36. Kh2 Rxc1 37. Bxc1 Ncxd4 38. Re7 h6 39. f4 Qf1 0-1

[Event "*** Titled Tuesday Blitz"]
[Site "Chess.com"]
[Date "2018.05.01"]
[Round "3"]
[White "Pudor"]
[Black "tomozupan"]
[Result "0-1"]
[WhiteElo "2209"]
[BlackElo "2139"]
[TimeControl "180+2"]
[EndTime "13:40:02 PDT"]
[Termination "tomozupan won by resignation"]

1. d4 Nf6 2. c4 g6 3. Nc3 d5 4. Nf3 Bg7 5. cxd5 Nxd5 6. e4 Nxc3 7. bxc3 c5 8. Rb1 Nc6 9. d5 Na5 10. Bd2 b6 11. c4 Nb7 12. h4 O-O 13. h5 e6 14. hxg6 hxg6 15. Bg5 f6 16. Bh6 exd5 17.
Bxg7 Kxg7 18. cxd5 Nd6 19. Bd3 c4 20. Bc2 Rh8 21.
Rxh8 Qxh8 22. Kf1 Bg4 23. Qd4 Re8 24. Ng1 Qh5 25. f3 Bd7 26. Re1 Qh4 27. Qf2 Qf4 28. g3 Qe5 29. Kg2 b5 30. f4 Qc3 31. Bb1 Qa3 32. Re3 c3 33. e5 fxe5 34. fxe5 Nf5 35. Bxf5 Bxf5 36. Nf3 Qc5 37. Ne1 c2 38. Nxc2 Qxc2 39. Qxc2 Bxc2 40. d6 Bf5 41. Kf3 Kf7 42. g4 Be6 43. Ra3 Rd8 44. Rxa7+ Rd7 45. Ra5 Bc4 46. Kf4 Ke6 47. Ra8 Rf7+ 48. Ke3 Kxe5 49. Ra6 Rd7 0-1

[Event "*** Titled Tuesday Blitz"]
[Site "Chess.com"]
[Date "2018.05.01"]
[Round "3"]
[White "Chess_Lynx"]
[Black "tteshan"]
[Result "0-1"]
[WhiteElo "2108"]
[BlackElo "1982"]
[TimeControl "180+2"]
[EndTime "13:40:03 PDT"]
[Termination "tteshan won by resignation"]

1. e4 c5 2. a3 e6 3. b4 cxb4 4. axb4 Bxb4 5. Bb2 Nf6 6. e5 Nd5 7. c4 Nc7 8. Ra3 Bxa3 9. Bxa3 Nc6 10. Bd6 Ne7 11.
h4 Nf5 12. Ba3 d6 13. g4 Nxh4 14. exd6 Na6 15. Bd3 Bd7 16. Nc3 Bc6 17. Be4 Bxe4 18. Nxe4 Ng6 19. d7+ Qxd7 20. Nd6+ Kd8 21. Qf3 Ne5 22.
Qe4 f6 23. Nxb7+ Kc7 24. Rh3 Rae8 25. Rb3 h5 26. g5 h4 27. Nh3 Qc6 28. Bd6+ Kd7 29.
Qd4 Qh1+ 30. Ke2 Kc8 31. Bxe5 fxe5 32. Nd6+ Kd7 33. Qxe5 Qc6 34. Rb7+ Nc7 35. Rxa7 Qxd6 36. Qxg7+ Qe7 37. Qd4+ Qd6 38. Qg7+ Kc8 39. d4 Kb8 40. Ra2 e5 41. c5 Qxd4 42. c6 Qc4+ 0-1

[Event "*** Titled Tuesday Blitz"]
[Site "Chess.com"]
[Date "2018.05.01"]
[Round "3"]
[White "tigra"]
[Black "GulamaliRises"]
[Result "1-0"]
[WhiteElo "2722"]
[BlackElo "2488"]
[TimeControl "180+2"]
[EndTime "13:40:06 PDT"]
[Termination "tigra won by checkmate"]

1. e4 c5 2. Nf3 d6 3. d4 cxd4 4. Nxd4 Nf6 5. Nc3 a6 6. Bg5 e6 7. f4 h6 8. Bh4 Qb6 9. Qd2 Be7 10.
O-O-O Nbd7 11. Bf2 Qc7 12. Be2 b5 13. Bf3 Bb7 14. a3 O-O 15. g4 Nb6 16. g5 Nc4 17.
gxf6 Nxd2 18. fxe7 Qxe7 19. Rxd2 Rac8 20. Nce2 g6 21.
Rg1 Kh7 22. Ng3 e5 23. Nde2 f5 24. Rgd1 exf4 25. Nxf4 fxe4 26. Rxd6 Rf7 27. Bg4 Qg5 28. Bxc8 Qxf4+ 29. Kb1 Bxc8 30. Bb6 Bg4 31. R1d4 Bf5 32.
Rd8 h5 33. R4d6 h4 34. Bd4 Rg7 35. Nxf5 Qxf5 36. Ka2 a5 37. b3 a4 38. Kb2 axb3 39. Kxb3 h3 40. Kb4 Qg5 41. R6d7 Qxd8 42. Rxd8 Re7 43. Rh8# 1-0

[Event "*** Titled Tuesday Blitz"]
[Site "Chess.com"]
[Date "2018.05.01"]
[Round "3"]
[White "abubakrtagelsir"]
[Black "VeraNebolsina"]
[Result "1-0"]
[WhiteElo "2339"]
[BlackElo "2388"]
[TimeControl "180+2"]
[EndTime "13:40:10 PDT"]
[Termination "abubakrtagelsir won by resignation"]

1. e4 e5 2. Nf3 Nf6 3. Nxe5 d6 4. Nf3 Nxe4 5. d4 d5 6. Bd3 Be7 7. O-O Nd6 8. Bf4 O-O 9. Nc3 c6 10. Ne2 Bg4 11. Ng3 Nd7 12. h3 Be6 13. c3 Nf6 14.
Qc2 h6 15. Rfe1 Re8 16. Rad1 Bf8 17. Ne5 Nfe4 18. Nxe4 dxe4 19. Bxe4 Nxe4 20. Qxe4 Bd5 21. Qc2 Qf6 22. Bg3 b5 23. Re3 h5 24. h4 g6 25.
Rde1 Bh6 26. Nd7 Rxe3 27. Nxf6+ Kg7 28. fxe3 Kxf6 29. e4 Be6 30. Be5+ Ke7 31. d5 Bd7 32. dxc6 Bxc6 33. Bg3 Rd8 34. Qe2 Rd2 35. Qxd2 Bxd2 36. Re2 Bc1 37. Bf2 Ke6 38. Bxa7 Bb7 39. Be3 Ba6 40.
Bxc1 1-0

[Event "*** Titled Tuesday Blitz"]
[Site "Chess.com"]
[Date "2018.05.01"]
[Round "3"]
[White "nau64"]
[Black "AndrewMcStone"]
[Result "1-0"]
[WhiteElo "2085"]
[BlackElo "2071"]
[TimeControl "180+2"]
[EndTime "13:40:11 PDT"]
[Termination "nau64 won on time"]

1. d4 Nf6 2. c4 Nc6 3. Nf3 e6 4. Nc3 Bb4 5. Qc2 O-O 6. Bg5 h6 7. Bh4 d6 8. e3 e5 9. d5 Nb8 10.
Be2 Na6 11. O-O Bxc3 12. Qxc3 g5 13. Bg3 Ne4 14. Qc2 f5 15. h3 Nxg3 16. fxg3 Nc5 17. Nd2 a5 18. Rf2 Bd7 19. Raf1 Qe7 20. b3 b6 21. Kh2 Kg7 22. Qc3 Kg8 23. Bd1 Rf6 24. Bc2 Raf8 25. a3 Qg7 26. b4 axb4 27. axb4 Na6 28.
Bd3 Nb8 29. c5 bxc5 30. bxc5 e4 31. Bxe4 dxc5 32. Bd3 f4 33. exf4 gxf4 34. Rxf4 Rxf4 35.
Qxg7+ Kxg7 36. Rxf4 Re8 37. Ne4 Re5 38. Bc4 Bf5 39. Nxc5 Bc2 40. Ne6+ Kg6 41. Nf8+ Kg7 42. g4 1-0

[Event "*** Titled Tuesday Blitz"]
[Site "Chess.com"]
[Date "2018.05.01"]
[Round "3"]
[White "jk13"]
[Black "Ginger_GM"]
[Result "1/2-1/2"]
[WhiteElo "2517"]
[BlackElo "2474"]
[TimeControl "180+2"]
[EndTime "13:40:12 PDT"]
[Termination "Game drawn by agreement"]

1. e4 e6 2. d3 c5 3. Nf3 Nc6 4. g3 g6 5. Bg5 f6 6. Be3 d5 7. Bg2 d4 8. Bc1 e5 9. O-O Be6 10. Ne1 g5 11. Bh3 Qd7 12. Qh5+ Qf7 13. Qxf7+ Kxf7 14. Bxe6+ Kxe6 15. f4 h6 16. Nd2 Bd6 17. Nc4 Bc7 18. a4 Nge7 19. Bd2 Nc8 20. Nf3 Nd6 21. b3 b6 22. fxe5 fxe5 23. Kg2 Raf8 24. Nxd6 Bxd6 25. Rf2 Ne7 26. Raf1 Ng6 27. Kh3 Be7 28. Kg2 a6 29. h3 b5 30. axb5 axb5 31. Ra1 Ra8 32. Rff1 Rhc8 33. Rfb1 Nh8 34. Nh2 h5 35. g4 h4 36. Nf3 Nf7 37. Kf2 Kd7 38. Ke2 Kc6 39. c3 Kb7 40. c4 Rxa1 41. Rxa1 Bd8 42.
Kd1 b4 43. Ke2 Ra8 44. Rxa8 Kxa8 45. Be1 Kb7 46. Bf2 Kc6 47. Bg1 Bf6 48. Kd2 Nd8 49. Kc2 Kd6 50. Bh2 Ne6 51. Ne1 Nf8 52. Nf3 1/2-1/2

[Event "*** Titled Tuesday Blitz"]
[Site "Chess.com"]
[Date "2018.05.01"]
[Round "3"]
[White "MFBerna"]
[Black "MasterLeif"]
[Result "1-0"]
[WhiteElo "2292"]
[BlackElo "2415"]
[TimeControl "180+2"]
[EndTime "13:40:13 PDT"]
[Termination "MFBerna won by resignation"]

1. e4 e5 2. Nf3 Nc6 3. Bb5 Nd4 4.
Bc4 Bc5 5. c3 Nxf3+ 6. Qxf3 Qf6 7. Qe2 d6 8. a4 a5 9. d3 Be6 10. Na3 Ne7 11. Be3 Qg6 12. O-O Bxa3 13. Bxe6 fxe6 14.
Rxa3 O-O 15. Raa1 Rf7 16. f4 exf4 17. Bxf4 Raf8 18. Bg3 e5 19. Rxf7 Qxf7 20. d4 Ng6 21. Rf1 Qxf1+ 22. Qxf1 Rxf1+ 23. Kxf1 Kf7 24. Ke2 Ke6 25. Kd3 d5 26. b4 axb4 27. cxb4 c6 28. dxe5 Nxe5+ 29. Kd4 Nd7 30. exd5+ cxd5 31. a5 g6 32. b5 h5 33. a6 bxa6 34. bxa6 Nb6 35. Bc7 Na8 36. Ba5 Kd6 37. Ke3 Kc5 38. a7 Kc4 39.
Kf4 d4 40. Kg5 d3 41. Kxg6 Kb5 42. Bd2 Ka6 43. Be3 Kb7 44. Kxh5 Nb6 45. g4 Nc4 46. Bf4 d2 47. Bxd2 Nxd2 48. g5 Ne4 49. g6 Kxa7 50. Kh6 Kb7 51. g7 Nf6 52. Kg6 Ng8 53. h4 Kc6 54. h5 Kd6 55. h6 Ne7+ 56. Kf7 Nf5 57.
h7 Nh6+ 58. Kg6 Ng4 59. g8=Q Ne5+ 1-0

[Event "*** Titled Tuesday Blitz"]
[Site "Chess.com"]
[Date "2018.05.01"]
[Round "3"]
[White "LawrenceTrent"]
[Black "Bryakin_Mikhail"]
[Result "0-1"]
[WhiteElo "2453"]
[BlackElo "2605"]
[TimeControl "180+2"]
[EndTime "13:40:14 PDT"]
[Termination "Bryakin_Mikhail won by resignation"]

1. d4 d5 2. c4 c6 3. Nf3 Nf6 4. e3 Bf5 5. Nbd2 e6 6. Nh4 Be4 7. f3 Bg6 8. Nxg6 hxg6 9. g3 Bd6 10. Bg2 Rxh2 11. Rxh2 Bxg3+ 12. Kf1 Bxh2 13. f4 Bg3 14. Qf3 Nh5 15. b3 Bh4 16. Ke2 Nd7 17. Ba3 Be7 18. c5 Qc7 19. b4 a5 20. Nb3 axb4 21.
Bxb4 b6 22. a3 bxc5 23. dxc5 Qa7 24. Rc1 e5 25. f5 Qa6+ 26. Kf2 Qd3 27. fxg6 Qxg6 28.
Bh3 Nhf6 29. Rg1 Qc2+ 30. Nd2 Ne4+ 31. Ke2 Ndf6 32. Rxg7 Nxd2 33. Bxd2 Rxa3 34. Bf5 Qc4+ 35. Kf2 Ra2 36. Ke1 Qh4+ 37. Kd1 Qa4+ 38. Ke1 Qh4+ 39. Kd1 Ra1+ 40. Ke2 Qc4+ 41. Bd3 Qxc5 42. Qf5 e4 43. Qc8+ Bd8 44. Ba6 Qd6 45. Bb7 Qh2+ 0-1

[Event "*** Titled Tuesday Blitz"]
[Site "Chess.com"]
[Date "2018.05.01"]
[Round "3"]
[White "Hanging_pointer"]
[Black "Maitreia"]
[Result "1-0"]
[WhiteElo "2342"]
[BlackElo "2506"]
[TimeControl "180+2"]
[EndTime "13:40:14 PDT"]
[Termination "Hanging_pointer won on time"]

1. d4 Nf6 2. c4 e5 3. dxe5 Ng4 4. e3 Bb4+ 5. Bd2 Bxd2+ 6. Nxd2 Nxe5 7. f4 Ng6 8. Bd3 O-O 9. Ngf3 Re8 10. Kf2 d5 11. Nb3 dxc4 12. Bxc4 Qe7 13. Qd3 Nc6 14. Bb5 Nb4 15. Qd2 c6 16. Bc4 Be6 17. Bxe6 Qxe6 18. f5 Qxf5 19. Qxb4 Ne5 20. Qxb7 Ng4+ 21. Kg1 Nxe3 22.
Nfd4 Qg5 23. Qxc6 Rac8 24. Qf3 Ng4 25. Rf1 Ne5 26. Qg3 Qh6 27. Nf5 Qb6+ 28. Rf2 Ng6 29. h4 Rc2 30. Nfd4 Rxf2 31. Qxf2 h5 32. Rh3 Qd6 33.
Rc3 Nf4 34. Rf3 Re4 35. Rc3 g6 36. Rc8+ Kh7 37. Ra8 Qe5 38. Nf3 Qf5 39. Ng5+ Kg7 40. Nd4 Qe5 41. Nde6+ fxe6 42. Qxa7+ 1-0